AoeStats
← fat_dgk

Oasis

507218459Analyzed
4v4 RM · 16d ago on Sep 17, 2026· 44m 57s· 8 players
Game mode
Random Map
Map size
Large (8 player)
Population
200
Speed
Normal
Resources
Standard
Victory
Conquest
Starting age
Dark Age
Ending age
Imperial Age
RankedLock teamsTeams togetherTeam positionsShared explorationLock speedFull tech treeHidden civsTurbo modeCheats
Victory
Defeat
🇨🇳 Huns · China
1381
+13
🇹🇼 Khmer · Taiwan
1354
+14
🇹🇼 Malay · Taiwan
1294
+16
🇹🇼 Ethiopians · Taiwan
1249
+18
🇦🇷 Ethiopians · Argentina
1401
-18
🇲🇽 Bulgarians · Mexico
1342
-17
🇨🇱 Gurjaras · Chile
1249
-13
🇳🇿 Magyars · New Zealand
1239
-13
TW_Picar
9:23 Feudal Age
8:58 Loom
10:36 Fletching
18:38 Double-Bit Axe
18:34 Horse Collar
30:35 Castle Age
30:33 Thumb Ring
31:02 Bow Saw
30:53 Heavy Plow
32:53 Wheelbarrow
39:29 Gold Mining
39:30 Stone Mining
41:24 Hand Cart
40:45 Crossbowman
41:22 Bodkin Arrow
41:28 Padded Archer Armor
44:48 Imperial Age
43:27 Leather Archer Armor
43:39 Ballistics
42:59 Treadmill Crane
43:35 Arbalester
44:17 Bracer
44:47 Ring Archer Armor
45:22 Chemistry
44:27 Siege Engineers
45:10 Conscription
飛衫走奶
6:04 Loom
9:25 Feudal Age
10:26 Double-Bit Axe
13:48 Wheelbarrow
13:46 Forging
15:35 Scale Barding Armor
15:57 Horse Collar
18:19 Bloodlines
24:39 Castle Age
23:28 Gold Mining
23:33 Stone Mining
24:46 Light Cavalry
25:28 Husbandry
26:04 Iron Casting
25:40 Bow Saw
25:32 Heavy Plow
26:35 Chain Barding Armor
30:58 Hand Cart
31:24 Gold Shaft Mining
31:26 Stone Shaft Mining
30:45 Fletching
37:15 Imperial Age
36:05 Scale Mail Armor
36:01 Bodkin Arrow
36:07 Padded Archer Armor
37:22 Tusk Swords
37:46 Chain Mail Armor
39:00 Blast Furnace
38:36 Plate Barding Armor
37:24 Elite Battle Elephant
38:24 Bracer
38:53 Ballistics
39:27 Leather Archer Armor
39:26 Hussar
43:59 Chemistry
43:49 Ring Archer Armor
43:28 Siege Engineers
44:14 Caravan
草~~騎~~吧
11:02 Feudal Age
13:50 Double-Bit Axe
16:10 Castle Age
18:33 Bow Saw
18:40 Fletching
19:20 Loom
19:22 Town Watch
20:58 Elite Skirmisher
24:35 Wheelbarrow
24:21 Padded Archer Armor
24:42 Crossbowman
28:06 Hand Cart
28:11 Squires
31:00 Bodkin Arrow
31:07 Scale Mail Armor
32:30 Leather Archer Armor
34:02 Chain Mail Armor
34:36 Ballistics
35:35 Thumb Ring
35:51 Masonry
36:40 Forging
38:26 Iron Casting
41:53 Imperial Age
40:46 Gold Mining
40:48 Stone Mining
40:42 Horse Collar
42:09 Capped Ram
44:16 Two-Man Saw
43:47 Ring Archer Armor
43:17 Bracer
42:39 Arbalester
44:21 Blast Furnace
44:00 Plate Mail Armor
45:00 Gold Shaft Mining
44:41 Heavy Plow
45:17 Stone Shaft Mining
很蓝的啦
7:13 Loom
9:29 Feudal Age
10:16 Double-Bit Axe
10:28 Horse Collar
15:20 Bloodlines
15:31 Scale Barding Armor
15:56 Forging
18:04 Gold Mining
21:15 Castle Age
22:28 Bow Saw
22:57 Gold Shaft Mining
22:48 Chain Barding Armor
25:49 Husbandry
25:52 Stone Mining
30:42 Wheelbarrow
29:52 Town Watch
30:55 Ballistics
31:40 Heavy Plow
32:21 Iron Casting
32:22 Hand Cart
36:29 Imperial Age
34:00 Town Patrol
34:02 Padded Archer Armor
33:52 Fletching
34:03 Padded Archer Armor
33:53 Fletching
33:59 Fletching
35:59 Bodkin Arrow
36:26 Masonry
35:56 Light Cavalry
37:02 Marauders
38:11 Blast Furnace
37:46 Plate Barding Armor
36:34 Elite Tarkan
37:34 Conscription
36:38 Cavalier
36:38 Hussar
38:07 Atheism
39:14 Two-Man Saw
41:19 Bracer
41:34 Leather Archer Armor
41:58 Caravan
42:28 Coinage
42:08 Guilds
44:10 Paladin
YuF
10:57 Feudal Age
12:31 Double-Bit Axe
12:30 Horse Collar
15:02 Castle Age
14:23 Wheelbarrow
15:45 Heavy Plow
15:55 Bow Saw
18:07 Loom
18:40 Husbandry
20:02 Scale Barding Armor
20:56 Chain Barding Armor
21:38 Forging
22:08 Bloodlines
25:31 Fletching
25:33 Town Watch
25:55 Bodkin Arrow
27:35 Iron Casting
28:44 Gold Mining
30:08 Gold Shaft Mining
29:55 Hand Cart
30:17 Stone Mining
34:06 Stone Shaft Mining
33:32 Scale Mail Armor
36:32 Stirrups
39:52 Imperial Age
38:45 Chain Mail Armor
39:07 Ballistics
39:11 Masonry
38:27 Light Cavalry
40:17 Elite Konnik
41:58 Blast Furnace
41:42 Plate Barding Armor
41:30 Conscription
42:55 Bracer
43:58 Chemistry
44:46 Plate Mail Armor
fat_dgk
6:11 Loom
8:32 Feudal Age
11:34 Forging
BocaJuniorsElMasGrande
3:04 Loom
4:00 Loom
5:21 Loom
6:10 Loom
9:20 Feudal Age
7:51 Loom
10:12 Double-Bit Axe
Boar_Hunter_Victim
6:42 Loom
9:25 Feudal Age
9:55 Double-Bit Axe
14:25 Horse Collar
17:14 Fletching
20:54 Castle Age
18:53 Gold Mining
19:35 Padded Archer Armor
21:54 Bow Saw
22:05 Bodkin Arrow
22:26 Leather Archer Armor
24:57 Bloodlines
24:48 Husbandry
25:21 Stone Mining
27:03 Wheelbarrow
30:05 Heavy Plow
31:05 Gold Shaft Mining
33:12 Scale Barding Armor
37:15 Imperial Age
36:08 Ballistics
36:53 Chain Barding Armor
38:22 Conscription
38:42 Bow Saw
38:55 Bracer
Connection lost

Rejoining the realm…

Still unreachable

The connection could not be restored.

Session expired

The server has moved on; the page needs a fresh start.